 Dungeon Crawl Stone Soup version 0.28.0-1-gb440e238dd (webtiles) character file.

Game seed: 15350997520197556318

43 browni3141 the Poker (level 3, -3/29 HPs)
             Began as a Merfolk Gladiator on Feb 19, 2022.
             Killed by nerve-wracking pain
             ... invoked by Grinder
              (9 damage)
             ... on level 5 of the Dungeon.
             The game lasted 00:01:57 (1115 turns).

browni3141 the Poker (Merfolk Gladiator)            Turns: 1115, Time: 00:01:58

Health: -3/29      AC:  4    Str: 16    XL:     3   Next: 58%
Magic:  3/3        EV: 13    Int:  7    God:
Gold:   27         SH:  0    Dex: 15    Spells: 2/2 levels left

rFire   . . .      SeeInvis .   a - +0 trident
rCold   . . .      Faith    .   (no shield)
rNeg    . . .      Spirit   .   b - +0 leather armour
rPois   .          Reflect  .   c - +0 helmet
rElec   .          Harm     .   (no cloak)
rCorr   .          Rampage  .   (no gloves)
Will    .....                   (no boots)
Stlth   +.........              (no amulet)
HPRegen 0.09/turn               (no ring)
MPRegen 0.08/turn               (no ring)

@: no status effects
A: (nimble swimmer 2), mertail
a: no special abilities


You were on level 5 of the Dungeon.
You visited 1 branch of the dungeon, and saw 4 of its levels.

You collected 27 gold pieces.


Innate Abilities, Weirdness & Mutations

((You are very nimble when in or above water. (Stealth+, EV+, Speed+++)))
Your lower body shifts to a powerful aquatic tail in water.


   Skills:
 + Level 3.0 Fighting
 * Level 5.9 Polearms
 - Level 2.0 Throwing
 - Level 4.0 Dodging


You had 2 spell levels left.
You didn't know any spells.
Your spell library contained the following spells:

 Spells                   Type           Power      Damage    Failure   Level
 Magic Dart               Conj           0%         1d3       50%         1
 Call Imp                 Summ           0%         N/A       65%         2
 Mephitic Cloud           Conj/Pois/Air  0%         N/A       86%         3

Inventory:

Hand Weapons
 a - a +0 trident (weapon)
Missiles
 d - 5 poisoned darts (quivered) {@f3}
 l - 2 throwing nets
Armour
 b - a +0 leather armour (worn)
 c - a +0 helmet (worn)
Scrolls
 f - a scroll of enchant armour {unknown}
 h - a scroll of blinking {unknown}
 i - a scroll of fog {unknown}
 j - a scroll of noise {unknown}
Potions
 e - a potion of curing {unknown}
 g - a potion of mutation {unknown}
 k - a potion of heal wounds {unknown}

Dungeon Overview and Level Annotations

Branches:
Dungeon (5/15)
 Temple: D:4-7

Altars:

Annotations:
D:5 Grinder

#######
#.....#
#.@...#
#.5...#
#.....#
#.....#
####+##


You could see Grinder.


Message History

Unknown command.
You are too injured to fight recklessly!
You are too injured to fight recklessly!
Unknown command.
You hit Grinder.
Grinder is lightly wounded.
Grinder barely misses you.
Unknown command.
You hit Grinder but do no damage.
Grinder is lightly wounded.
Grinder gestures at you.
You barely resist.
Unknown command.
You hit Grinder.
Grinder is moderately wounded.
Grinder hits you but does no damage.
Unknown command.
You closely miss Grinder.
Grinder is moderately wounded.
Grinder hits you but does no damage.
Unknown command.
You closely miss Grinder.
Grinder is moderately wounded.
Grinder barely misses you.
Unknown command.
You hit Grinder.
Grinder is moderately wounded.
Grinder gestures at you. Pain shoots through your body!
You die...

Skill      XL: |  1  2  3 |
---------------+----------+-----
Polearms       | 5 |  5.9
Fighting       | 3 |  3.0
Throwing       | |  2.0
Dodging        | |  4.0

Action                   || total
-------------------------++-------
Melee: Trident           ||    91
Throw: Throwing net      ||     3
 Stab: Sleeping          ||     2
       Held in net/web   ||     1
Armor: Leather armour    ||    23
Dodge: Dodged            ||    43

Levels and vault maps discovered:
D:1:      dpeg_arrival_shelter, layout_basic
D:2:      layout_basic
D:4:      layout_rooms, pdpol_wu_jian_five_deadly_venoms, uniq_robin,
          uniq_grinder
D:5:      layout_gridville, minmay_temple_entry_mist

Notes
Turn   | Place    | Note
-------+----------+-------------------------------------------
     0 | D:1      | browni3141 the Merfolk Gladiator began the quest for the
                  | Orb.
     0 | D:1      | Reached XP level 1. HP: 16/16 MP: 1/1
   101 | D:1      | Reached XP level 2. HP: 20/23 MP: 2/2
   217 | D:1      | Reached skill level 5 in Polearms
   784 | D:2      | Reached XP level 3. HP: 27/28 MP: 3/3
   955 | D:2      | You fall into a shaft and drop 2 floors!
   982 | D:4      | Reached skill level 3 in Fighting
  1098 | D:4      | Noticed Grinder
  1104 | D:5      | Entered Level 5 of the Dungeon
  1105 | D:5      | Paralysed by Grinder for 5 turns
  1115 | D:5      | Killed from afar by Grinder

Vanquished Creatures
  An adder (D:4)
  A dart slug (D:1)
  2 ball pythons
  4 endoplasms
  A giant cockroach (D:1)
  3 goblins (D:2)
  2 hobgoblins
  3 jackals (D:1)
  3 kobolds
  A quokka (D:1)
  2 bats
  3 frilled lizards
  4 rats
30 creatures vanquished.

Table legend: (Time is in decaauts)
 A = Elapsed time spent in this place.
 B = Non-inter-level travel time spent in this place.
 C = Inter-level travel time spent in this place.
 D = Time resting spent in this place.
 E = Time spent auto-exploring this place.
 F = Levels seen in this place.
 G = Mean time per level.
                   A        B        C        D        E       F      G
               +--------+--------+--------+--------+--------+-----+--------+
         Total |   1117 |   1103 |     14 |      0 |    890 |   4 |  279.2 |
       Dungeon |   1117 |   1103 |     14 |      0 |    890 |   4 |  279.2 |
               +--------+--------+--------+--------+--------+-----+--------+

Top non-repeatable levels by time:
     D:1: 775 daAuts
     D:2: 182 daAuts
     D:4: 148 daAuts
     D:5: 10 daAuts

Table legend:
 A = Non-vault XP
 B = Vault XP
 C = Vault XP percentage of total XP
 D = Non-vault monster count
 E = Vault monster count
 F = Vault count percentage of total count
                 A         B        C        D         E       F
            +---------+---------+-------+---------+---------+-------
      Total |      62 |       0 |   0.0 |      30 |       0 |   0.0
            +---------+---------+-------+---------+---------+-------
        D:1 |      30 |       0 |   0.0 |      17 |       0 |   0.0
        D:2 |      15 |       0 |   0.0 |      10 |       0 |   0.0
        D:4 |      17 |       0 |   0.0 |       3 |       0 |   0.0
            +---------+---------+-------+---------+---------+-------
